 Dungeon Crawl Stone Soup version 0.24-a0-176-gc3651c4 (webtiles) character file.

Game seed: 5512137118476258068

198 Ijustatesigmund the Conjurer (level 5, -3/34 HPs)
             Began as an Octopode Wizard on Mar 12, 2019.
             Slain by a gnoll
             ... wielding a +0 club
              (6 damage)
             ... on level 3 of the Dungeon.
             The game lasted 00:08:23 (4315 turns).

Ijustatesigmund the Conjurer (Octopode Wizard)      Turns: 4315, Time: 00:08:24

Health: -3/34      AC:  7    Str: 12    XL:     5   Next: 77%
Magic:  2/9        EV: 13    Int: 20    God:
Gold:   171        SH:  0    Dex: 11    Spells: 4/10 levels left

rFire    . . .     SeeInvis .   d - +0 mace
rCold    . . .     Gourm    .   (no shield)
rNeg     . . .     Faith    .   a - +2 hat
rPois    .         Spirit   .   (no amulet)
rElec    .         Reflect  .   h - +4 ring of protection
rCorr    .         Harm     .   (no ring)
MR       .....                  (no ring)
Stlth    +.........             (no ring)
HPRegen  0.11/turn              (no ring)
MPRegen  0.11/turn              (no ring)
                                (no ring)
                                (no ring)

@: mighty, glowing
A: almost no armour, stealthy swim, amphibious, 8 rings, constrict 8, camouflage
1, gelatinous body 1
a: no special abilities


You were on level 3 of the Dungeon.
You were hungry.

You visited 1 branch of the dungeon, and saw 4 of its levels.

You collected 171 gold pieces.

Inventory:

Hand Weapons
 d - a +0 mace (weapon)
Missiles
 g - 4 javelins of penetration (quivered)
Armour
 a - a +2 hat (worn)
Jewellery
 f - an uncursed amulet of the gourmand
 h - a +4 ring of protection (left tentacle)
Scrolls
 e - a scroll of magic mapping
 l - a scroll of fear
Potions
 b - a potion of haste
 i - a potion of might
 k - 2 potions of resistance
Comestibles
 c - 4 rations


   Skills:
 - Level 2.2 Fighting
 + Level 1.4 Maces & Flails
 - Level 2.0 Dodging
 - Level 2.6 Stealth
 - Level 3.0 Spellcasting
 + Level 3.1 Conjurations
   Level 1.0 Summonings
 + Level 2.6 Translocations
 + Level 1.4 Fire Magic


You had 4 spell levels left.
You knew the following spells:

 Your Spells              Type           Power        Failure   Level  Hunger
a - Magic Dart            Conj           ###.         3%          1    None
b - Blink                 Tloc           N/A          8%          2    ##.....
c - Conjure Flame         Conj/Fire      ##......     17%         3    ###....

Your spell library contained the following spells:

 Spells                   Type           Power        Failure   Level  Hunger
 Call Imp                 Summ           #.......     14%         2    ##.....
 Slow                     Hex            #.......     22%         2    ##.....
 Mephitic Cloud           Conj/Pois/Air  #.......     28%         3    ###....


Dungeon Overview and Level Annotations

Branches:
Dungeon (4/15)             Temple (0/1) D:4

Altars:
Ashenzari
Cheibriados
Nemelex Xobeh
Qazlal
Vehumet
Wu Jian
Yredelemnul

Annotations:
D:2 2 transporters


Innate Abilities, Weirdness & Mutations

You cannot wear most types of armour.
You are very stealthy in the water. (Stealth+)
You are amphibious.
You can wear up to eight rings at the same time.
You can use your tentacles to constrict eight enemies at once.
Your skin changes colour to match your surroundings (Stealth+).
Your rubbery body absorbs attacks. (AC +1, EV +1)


Message History

A mysterious force pulls you upwards. The hatch slams shut behind you.
You feel very mighty all of a sudden. The gnoll hits you with a +0 club.
* * * LOW HITPOINT WARNING * * *
The worker ant bites you.
* * * LOW HITPOINT WARNING * * *
The gnoll hits you but does no damage.
You sock the worker ant! Your grab misses the worker ant.
The worker ant is severely wounded.
The worker ant barely misses you. The gnoll hits you but does no damage.
The worker ant closely misses you.
You hit the worker ant. You grab the worker ant.
The worker ant is almost dead.
You constrict the worker ant.
You kill the worker ant!
The gnoll completely misses you. The gnoll barely misses you.
You hit the gnoll. Your grab misses the gnoll.
The gnoll is moderately wounded.
The gnoll misses you. The gnoll hits you with a +0 club.
You die...

###...##...#####+#.#####.# #.....
.##.####............# #.####.#..
.##.# #............# ##..###.#..
.'..# #............###.....#.#..
.#######............+.......#.#..
......########..)...###..#.......
.............###'#<####..#.#.....
.......#####.###†#....#.......#..
........## #...g@####.#.###...#.#
.........# ##########.#.......#.#
.......#'# #......######..#.#
...#####.##### #..............#.#
####.........###......######..#.#
###..#######..###.....# #..>#.#
#_..###_._###÷._#.....# ###.#..
###..##...##..###.##### ####.#..
# ##......÷).##...# #.......


You could see a gnoll.

Vanquished Creatures
  A howler monkey (D:4)
  A worker ant (D:3)
  3 gnolls
  2 adders
  2 oozes
  A worm (D:2)
  3 dart slugs
  3 leopard geckos
  2 orcs
  4 giant cockroaches
  7 goblins
  6 hobgoblins
  7 jackals
  3 quokkas
  7 bats
  6 frilled lizards
  3 kobolds
  6 rats
67 creatures vanquished.

Vanquished Creatures (others)
  A rat (D:2)
1 creature vanquished.

Grand Total: 68 creatures vanquished

Notes
Turn   | Place    | Note
-------+----------+-------------------------------------------
     0 | D:1      | Ijustatesigmund the Octopode Wizard began the quest for the
                  | Orb.
     0 | D:1      | Reached XP level 1. HP: 11/11 MP: 4/4
   634 | D:1      | Reached skill level 1 in Fighting
   634 | D:1      | Reached XP level 2. HP: 18/18 MP: 4/6
   926 | D:1      | Learned a level 2 spell: Blink
  1167 | D:1      | Reached XP level 3. HP: 20/23 MP: 2/7
  1540 | D:2      | Found a snail-covered altar of Cheibriados.
  1585 | D:2      | Noticed an orc warrior
  1586 | D:2      | Found a basalt altar of Yredelemnul.
  1586 | D:2      | Found a transporter.
  1587 | D:2      | Noticed a black bear
  1605 | D:2      | Found a transporter.
  1976 | D:2      | Found a faded altar of an unknown god.
  2309 | D:2      | Reached XP level 4. HP: 11/29 MP: 5/8
  2737 | D:2      | Learned a level 3 spell: Conjure Flame
  2807 | D:2      | Found a stormy altar of Qazlal.
  3338 | D:3      | Found an ornate altar of the Wu Jian Council.
  3655 | D:3      | Found a radiant altar of Vehumet.
  3655 | D:3      | Found a sparkling altar of Nemelex Xobeh.
  3662 | D:3      | Found a faded altar of an unknown god.
  3883 | D:3      | Found a faded altar of an unknown god.
  3884 | D:3      | Found a shattered altar of Ashenzari.
  3974 | D:3      | Reached XP level 5. HP: 34/34 MP: 9/9
  4286 | D:4      | Reached skill level 1 in Maces & Flails
  4291 | D:4      | Reached skill level 1 in Fire Magic
  4307 | D:4      | Found a staircase to the Ecumenical Temple.
  4315 | D:3      | Slain by a gnoll

Levels and vault maps discovered:
D:1:      lightli_molten_gateway, layout_rooms
D:2:      layout_loops_ring, marbit_many_paths, gammafunk_temple_overflow_arena,
          old_standard_altar, chequers_ecumenical_altar_simple_redux
D:3:      layout_basic, chequers_temple_overflow_minitemple,
          nicolae_overflow_crystal_walls
D:4:      layout_cave_pools, old_standard_altar, led_sif_pool,
          minmay_temple_entry_large_hall, first_ration

Skill      XL: |  1  2  3  4  5 |
---------------+----------------+-----
Fighting       | 1 2 |  2.2
Conjurations   | 2 3 |  3.1
Translocations | 2 |  2.6
Maces & Flails | 1 |  1.4
Fire Magic     | 1 |  1.4
Dodging        | |  2.0
Stealth        | |  2.6
Spellcasting   | |  3.0
Summonings     | |  1.0

Action                   |  1- 3 |  4- 6 || total
-------------------------+-------+-------++-------
Melee: Unarmed           |     6 |       ||     6
       Constrict         |     7 |     6 ||    13
       Mace              |    27 |    35 ||    62
       Tentacles         |     1 |     1 ||     2
Throw: Javelin           |     8 |       ||     8
 Cast: Magic Dart        |    69 |    57 ||   126
       Blink             |     2 |     1 ||     3
  Use: Scroll            |     3 |     8 ||    11
       Potion            |     2 |     2 ||     4
 Stab: Sleeping          |     1 |     5 ||     6
  Eat: Chunk             |     1 |     2 ||     3
       Ration            |     1 |     1 ||     2
Armor: Skin              |    13 |    15 ||    28
Dodge: Dodged            |    43 |    44 ||    87

Table legend:
 A = Non-vault XP
 B = Vault XP
 C = Vault XP percentage of total XP
 D = Non-vault monster count
 E = Vault monster count
 F = Vault count percentage of total count
                 A         B        C        D         E       F
            +---------+---------+-------+---------+---------+-------
      Total |     282 |       2 |   0.7 |      66 |       1 |   1.5
            +---------+---------+-------+---------+---------+-------
        D:1 |      39 |       0 |   0.0 |      21 |       0 |   0.0
        D:2 |      71 |       2 |   2.7 |      21 |       1 |   4.5
        D:3 |      87 |       0 |   0.0 |      14 |       0 |   0.0
        D:4 |      85 |       0 |   0.0 |      10 |       0 |   0.0
            +---------+---------+-------+---------+---------+-------
